 Dungeon Crawl Stone Soup version 0.20.1-1-g8b1a95d (webtiles) character file.

2437 tidbits the Martial Artist (level 9, -6/71 HPs)
             Began as a Demigod Transmuter on Aug 19, 2017.
             Mangled by a two-headed ogre
             ... wielding a +0 giant spiked club
              (27 damage)
             ... on level 8 of the Dungeon.
             The game lasted 00:44:12 (4044 turns).

tidbits the Martial Artist (Demigod Transmuter)     Turns: 4044, Time: 00:44:13

Health: -6/71      AC:  2    Str: 13    XL:     9   Next: 4%
Magic:  13/16      EV: 26    Int: 23    God:
Gold:   245        SH:  0    Dex: 21    Spells: 8/14 levels left

rFire    . . .     SeeInvis .     - Unarmed
rCold    . . .     Gourm    .   (shield currently unavailable)
rNeg     . . .     Faith    .   (armour currently unavailable)
rPois    x         Spirit   .   (helmet currently unavailable)
rElec    .         Reflect  .   (cloak currently unavailable)
rCorr    .         Harm     .   (gloves currently unavailable)
MR       .....                  (boots currently unavailable)
Stlth    ++........             b - amulet of magic regeneration
Regen    0.3/turn               V - +3 ring of evasion
MPRegen  0.3/turn               (no ring)

@: spider-form
A: high mp 1
a: End Transformation


You were on level 8 of the Dungeon.
You were not hungry.
You were a venomous arachnid creature.
You visited 1 branch of the dungeon, and saw 8 of its levels.
You also visited: Ossuary.

You collected 245 gold pieces.

Inventory:

Missiles
 u - 2 throwing nets (quivered) {!f}
Armour
 w - a +0 leather armour of positive energy
   (You found it on level 4 of the Dungeon)
 B - a +2 robe of magic resistance (melded)
   (You took it off Blork the orc on level 6 of the Dungeon)
 C - a scarf of cloud immunity (melded)
   (You found it on level 4 of the Dungeon)
Jewellery
 b - an amulet of magic regeneration (around neck)
   (You found it on level 5 of the Dungeon)
 V - a +3 ring of evasion (left front leg)
   (You found it on level 3 of the Dungeon)
Wands
 v - a wand of flame (33/48)
 A - a wand of enslavement (11/24)
Scrolls
 e - 2 scrolls of enchant weapon {unknown}
 g - 4 scrolls of enchant armour
 i - 5 scrolls of teleportation
 j - a scroll of magic mapping {unknown}
 k - 2 scrolls of fog {unknown}
 p - 3 scrolls of fear
 q - a scroll of random uselessness {unknown}
 r - 3 scrolls of remove curse
 t - a scroll of noise {unknown}
 y - a scroll of blinking {unknown}
 D - 2 scrolls of recharging {unknown}
Potions
 f - 4 potions of curing
 l - a potion of magic
 m - a potion of haste
 n - 2 potions of lignification
 o - 4 potions of heal wounds
 s - 2 potions of flight
 x - a potion of mutation {!q}
 z - a potion of resistance {unknown}
Books
 c - a book of Changes

   Spells                             Type                      Level
   a - Beastly Appendage              Transmutation                1
   b - Sticks to Snakes               Transmutation                2
   c - Spider Form                    Transmutation/Poison         3
   d - Ice Form                       Ice/Transmutation            4
   e - Blade Hands                    Transmutation                5
 h - a book of Minor Magic
   (You found it on level 3 of the Dungeon)

   Spells                             Type                      Level
   a - Magic Dart                     Conjuration                  1
   b - Blink                          Translocation                2
   c - Call Imp                       Summoning                    2
   d - Slow                           Hexes                        2
   e - Conjure Flame                  Conjuration/Fire             3
   f - Mephitic Cloud                 Conjuration/Poison/Air       3
Comestibles
 d - 5 bread rations


   Skills:
 + Level 4.2 Fighting
 - Level 4.2 Dodging
 * Level 8.5 Unarmed Combat
 - Level 3.0 Spellcasting
 - Level 5.2 Transmutations


You had 8 spell levels left.
You knew the following spells:

 Your Spells              Type           Power        Failure   Level  Hunger
e - Beastly Appendage     Tmut           ####..       6%          1    None
k - Sticks to Snakes      Tmut           ####....     8%          2    ##.....
p - Spider Form           Tmut/Pois      ###.......   28%         3    ###....


Dungeon Overview and Level Annotations

Branches:
Dungeon (8/15)             Temple (0/1) D:7
   Lair: D:8-11

Shops:
D:4 [   D:6 =

Annotations:
D:8 Pikel


Innate Abilities, Weirdness & Mutations

You have an increased reservoir of magic. (+10% MP)


Message History

You feel immune to the effects of clouds.
You feel resistant to hostile enchantments.
You feel sick.
You feel sick.
You now have enough gold to buy an uncursed ring of resist corrosion on D:6.
You can access your shopping list by pressing '$'.
You now have 245 gold pieces (gained 14).
You feel sick.
You feel sick.
You open the door.
An ogre and a two-headed ogre come into view.
The two-headed ogre shouts in stereo!
The ogre shouts!
All of the chunks of flesh in your inventory have rotted away.
Found runed acid dragon scales.
A worker ant comes into view.
You close the door.
You feel sick.
You are no longer poisoned.
A two-headed ogre opens the door.
Search for what [Enter for "armour", or ? for help]? arrow Can't find anything matching that.
Unknown command.
An iguana comes into view.
There is a stone staircase leading down here.
You climb downwards.
A scorpion and a shadow imp come into view.
Found 12 gold pieces and a shield.
There is a stone staircase leading up here.
Casting: Spider Form
Confirm with . or Enter, or press ? or * to list all spells.
You turn into a venomous arachnid creature.
Your scarf of cloud immunity melds into your body.
Your +2 robe of magic resistance melds into your body.
You feel vulnerable to the effects of clouds.
You feel less resistant to hostile enchantments.
A shadow imp comes into view.
The shadow imp shouts!
The shadow imp shouts!
A two-headed ogre comes into view.
It is wielding a giant spiked club and a giant club.
There is a stone staircase leading up here.
The shadow imp grins evilly.
Found a stone staircase leading up.
There is a stone staircase leading up here.
You hit the shadow imp but do no damage.
The shadow imp grinds its teeth.
The shadow imp barely misses you.
You bite the shadow imp!
You kill the shadow imp!
You completely miss the shadow imp. The shadow imp completely misses you.
You bite the shadow imp!
The shadow imp is poisoned.
The shadow imp is severely wounded.
You hit the shadow imp.
You kill the shadow imp!
Your transformation is almost over.
The two-headed ogre shouts in stereo!
You bite the two-headed ogre!
The two-headed ogre is lightly wounded.
The two-headed ogre completely misses you.
The two-headed ogre hits you with a giant club!!
You hit the two-headed ogre but do no damage.
The two-headed ogre is poisoned.
The two-headed ogre is lightly wounded.
You bite the two-headed ogre!
The two-headed ogre is heavily wounded.
The two-headed ogre hits you with a giant spiked club!!
* * * LOW HITPOINT WARNING * * *
The two-headed ogre barely misses you.
Your transformation has ended.
Your scarf of cloud immunity unmelds from your body.
Your +2 robe of magic resistance unmelds from your body.
You feel immune to the effects of clouds.
You feel resistant to hostile enchantments.
There is a stone staircase leading up here.
Okay, then.
Evoke which item? (* to show all) (? for menu, Esc to quit)
Aiming: Enslavement (will waste charges)
Press: ? - help, Shift-Dir - straight line, f - two-headed ogre
Aim: a two-headed ogre, wielding a giant spiked club and a giant club (severely wounded, poisoned, chance to defeat MR: 28%)
Okay, then.
Unknown command.
Found a shadowy altar of Dithmenos.
The two-headed ogre looks more healthy.
A slave comes into view.
The slave shouts!
A slave and Pikel come into view.
Pikel is wielding a whip of freezing.
Evoke which item? (* to show all) (? for menu, Esc to quit)
Okay, then.
Pikel shouts!
Press: ? - help, v - describe, . - travel
Here: a two-headed ogre, wielding a giant spiked club and a giant club (heavily wounded)
The floor.
Casting: Spider Form
Confirm with . or Enter, or press ? or * to list all spells.
You turn into a venomous arachnid creature.
Your scarf of cloud immunity melds into your body.
Your +2 robe of magic resistance melds into your body.
You feel vulnerable to the effects of clouds.
You feel less resistant to hostile enchantments.
The two-headed ogre hits you with a giant spiked club!!
You die...

#.### #... ######## #..#
#....<.#######..# ####
#.###..sO...##..# #..
#<# #.......##..# #.#
#.###....p..#...###.###.
#......$...K...K.......K
#..#[...........###.###.
#...................#
##.#.........#.######
#.####...####.# #.#
#...# #+#


You could see a two-headed ogre, Pikel and a slave.

Vanquished Creatures
  A hippogriff (D:6)
  A wyvern (D:7)
  A water moccasin (D:6)
  A black bear (D:6)
  2 phantoms
  An ice beast (D:5)
  2 ogres
  Blork the orc (D:6)
  2 bullfrogs (D:6)
  4 scorpions (D:7)
  4 wights (D:6)
  A howler monkey (D:6)
  A bullfrog zombie (D:6)
  3 crimson imps
  A bullfrog skeleton (D:7)
  2 orc wizards (D:4)
  3 orc priests
  A centaur skeleton (D:3)
  6 worker ants
  3 big kobold zombies (Ossuary)
  A hound skeleton (D:4)
  A mummy (Ossuary)
  4 gnolls
  A howler monkey skeleton (D:5)
  8 adders
  3 shadow imps
  An adder skeleton (D:4)
  A worm (D:2)
  2 dart slugs
  The ghost of equalderp2856 the Magician, a weakling SpWz (D:6)
  The ghost of equalderp2856 the Magician, a weakling SpWz (D:7)
  5 leopard geckos
  13 orcs
  4 spectral bats (Ossuary)
  2 bats
  2 giant cockroaches (D:3)
  2 goblins
  4 hobgoblins
  5 jackals
  A kobold (D:2)
  3 quokkas
  A ball python (D:6)
  A bat simulacrum (Ossuary)
  A frilled lizard (D:4)
  7 gnoll zombies (Ossuary)
  3 goblin simulacra (Ossuary)
  2 goblin zombies (Ossuary)
  5 hobgoblin zombies (Ossuary)
  3 kobold simulacra (Ossuary)
  3 kobold zombies (Ossuary)
  A leopard gecko skeleton (D:6)
  A leopard gecko zombie (D:6)
  8 orc zombies (Ossuary)
  A quokka skeleton (D:4)
  A rat (D:1)
  3 rat simulacra (Ossuary)
  3 spectral goblins (Ossuary)
  3 spectral kobolds (Ossuary)
  4 spectral rats (Ossuary)
157 creatures vanquished.

Vanquished Creatures (collateral kills)
  A phantom (D:6)
  A wight (D:6)
  A bullfrog zombie (D:6)
  A big kobold zombie (Ossuary)
  An orc (D:7)
  A gnoll zombie (Ossuary)
  2 goblins (D:2)
  A hobgoblin (D:2)
  A frilled lizard (D:2)
  A leopard gecko skeleton (D:4)
11 creatures vanquished.

Grand Total: 168 creatures vanquished

Notes
Turn   | Place    | Note
-------+----------+-------------------------------------------
     0 | D:1      | tidbits the Demigod Transmuter began the quest for the Orb.
     0 | D:1      | Reached XP level 1. HP: 15/15 MP: 5/5
   194 | D:1      | Reached skill level 1 in Fighting
   301 | D:2      | Reached skill level 2 in Transmutations
   315 | D:2      | Reached XP level 2. HP: 18/23 MP: 4/7
   319 | D:2      | Learned a level 2 spell: Sticks to Snakes
   337 | D:2      | Reached skill level 3 in Unarmed Combat
   659 | D:2      | Reached XP level 3. HP: 16/28 MP: 4/8
   927 | D:3      | Reached skill level 2 in Spellcasting
   936 | D:3      | Learned a level 3 spell: Spider Form
   947 | D:3      | Reached XP level 4. HP: 14/35 MP: 1/11
   948 | D:3      | Reached skill level 3 in Spellcasting
  1264 | D:4      | Reached skill level 4 in Unarmed Combat
  1271 | D:4      | Reached XP level 5. HP: 34/40 MP: 7/12
  1315 | D:4      | Found Juikekes's Antique Armour Shop.
  1364 | D:4      | Noticed a phantom
  1397 | D:4      | Killed a phantom
  1397 | D:4      | Reached skill level 5 in Unarmed Combat
  1397 | D:4      | Reached skill level 3 in Transmutations
  1397 | D:4      | Reached XP level 6. HP: 17/47 MP: 3/13
  1424 | D:4      | Found a sand-covered staircase.
  1465 | Ossuary  | Entered an ossuary
  2315 | D:5      | Entered Level 5 of the Dungeon
  2346 | D:5      | Reached skill level 6 in Unarmed Combat
  2376 | D:5      | Found a snail-covered altar of Cheibriados.
  2389 | D:5      | Reached XP level 7. HP: 46/52 MP: 10/14
  2557 | D:6      | Reached skill level 2 in Fighting
  2643 | D:5      | Found a white marble altar of Elyvilon.
  2833 | D:5      | Noticed a dagger
  2835 | D:5      | Noticed a dagger
  2855 | D:5      | Found a hide-covered altar of Uskayaw.
  2912 | D:6      | Reached skill level 7 in Unarmed Combat
  2941 | D:6      | Reached skill level 4 in Transmutations
  3105 | D:6      | Noticed equalderp2856's ghost (weakling SpWz)
  3116 | D:6      | Killed equalderp2856's ghost
  3148 | D:6      | Reached skill level 5 in Transmutations
  3148 | D:6      | Reached XP level 8. HP: 37/62 MP: 11/15
  3159 | D:6      | Noticed a hippogriff
  3175 | D:6      | Noticed Blork the orc
  3178 | D:6      | Killed a hippogriff
  3178 | D:6      | Reached skill level 3 in Fighting
  3241 | D:6      | Found Jutteot's Jewellery Emporium.
  3419 | D:6      | Killed Blork the orc
  3419 | D:6      | Reached skill level 8 in Unarmed Combat
  3461 | D:7      | Found a staircase to the Ecumenical Temple.
  3487 | D:7      | Reached skill level 4 in Fighting
  3501 | D:7      | Noticed equalderp2856's ghost (weakling SpWz)
  3506 | D:7      | Killed equalderp2856's ghost
  3517 | D:7      | Found a sparkling altar of Nemelex Xobeh.
  3531 | D:7      | Reached skill level 2 in Dodging
  3608 | D:6      | Reached skill level 3 in Dodging
  3758 | D:7      | Found an ancient bone altar of Kikubaaqudgha.
  3783 | D:7      | Found a blossoming altar of Fedhas.
  3783 | D:7      | Found a sacrificial altar of Ru.
  3805 | D:7      | Reached skill level 4 in Dodging
  3857 | D:7      | Reached XP level 9. HP: 64/71 MP: 13/16
  3960 | D:7      | Noticed a two-headed ogre
  3982 | D:8      | Noticed a two-headed ogre
  4018 | D:8      | Found a shadowy altar of Dithmenos.
  4031 | D:8      | Noticed Pikel
  4044 | D:8      | Mangled by a two-headed ogre

Skill      XL: |  1  2  3  4  5  6  7  8 |
---------------+-------------------------+-----
Fighting       | 1 2 4 |  4.2
Transmutations | 2 3 5 |  5.2
Unarmed Combat | 3 4 5 6 7 8 |  8.5
Spellcasting   | 2 3 |  3.0
Dodging        | 4 |  4.2

Action                   |  1- 3 |  4- 6 |  7- 9 || total
-------------------------+-------+-------+-------++-------
Melee: Unarmed           |    77 |   233 |   202 ||   512
       Kick              |     7 |       |       ||     7
       Headbutt          |     7 |       |       ||     7
       Punch             |     1 |     1 |       ||     2
 Cast: Beastly Appendage |    19 |       |     1 ||    20
       Sticks to Snakes  |     8 |    14 |    19 ||    41
       Spider Form       |       |    27 |    36 ||    63
 Abil: End Transformatio |       |       |     1 ||     1
  Use: Scroll            |     1 |     8 |     2 ||    11
       Potion            |     3 |     1 |     3 ||     7
 Stab: Distracted        |     1 |     7 |     3 ||    11
       Sleeping          |       |     4 |     1 ||     5
  Eat: Chunk             |     1 |     5 |     9 ||    15
       Bread ration      |       |     1 |       ||     1
Armor: Robe              |     4 |     3 |     1 ||     8
       Skin              |    15 |    17 |     4 ||    36
Dodge: Dodged            |    38 |   123 |   143 ||   304

Table legend:
 A = Turns spent in this place as a percentage of turns spent in the entire game.
 B = Non-inter-level travel turns spent in this place as a percentage of non-inter-level travel turns spent in the entire game.
 C = Inter-level travel turns spent in this place as a percentage of turns spent in this place.
 D = Turns resting spent in this place as a percentage of non-inter-level travel turns spent in this place.
 E = Turns spent auto-exploring this place as a percentage of non-inter-level travel turns spent in this place.
 F = Non-inter-level travel turns spent in this place divided by the number of levels of this place that you've seen.
                   A       B       C       D       E      F
               +-------+-------+-------+-------+-------+----------------------
         Total | 100.0 | 100.0 |   0.2 |   0.0 |   0.0 | 435.4
       Dungeon |  86.8 |  86.7 |   0.2 |   0.0 |   0.0 | 424.9
       Ossuary |  13.2 |  13.3 |   0.0 |   0.0 |   0.0 | 520.0
               +-------+-------+-------+-------+-------+----------------------

Table legend:
 A = Kills in this place as a percentage of kills in entire the game.
 B = Kills by you in this place as a percentage of kills by you in the entire game.
 C = Kills by friends in this place as a percentage of kills by friends in the entire game.
 D = Other kills in this place as a percentage of other kills in the entire game.
 E = Experience gained in this place as a percentage of experience gained in the entire game.
 F = Experience gained in this place divided by the number of levels of this place that you have seen.
                   A       B       C       D       E      F
               +-------+-------+-------+-------+-------+----------------------
         Total | 100.0 | 100.0 | 100.0 |  -nan | 100.0 | 386.9
       Dungeon |  67.3 |  66.2 |  81.8 |  -nan |  94.9 | 412.9
       Ossuary |  32.7 |  33.8 |  18.2 |  -nan |   5.1 | 179.0
               +-------+-------+-------+-------+-------+----------------------

Vault maps used:
D:1:      lightli_arrival_chessboard
D:4:      serial_shops, shop, enter_ossuary_3, first_bread
D:5:      dancing_weapons_uskayaw, old_standard_altar, old_standard_altar,
          marbit_many_paths, uniq_crazy_yiuf_cottage
D:6:      serial_shops, shop, kennysheep_generic_room_16, uniq_blork_the_orc
D:7:      minmay_the_grid_octo_triangle, old_standard_altar,
          gammafunk_temple_overflow_statue, overflow_temple_1_default,
          temple_fountains, serial_curves, eino_curves_01, eino_curves_03,
          eino_curves_04, uniq_prince_ribbit1
D:8:      grunt_temple_overflow_order_and_chaos_1, okawaru_altar_gauntlet_db,
          lemuel_crystal_altar, uniq_pikel
Ossuary:  ossuary_zaba_two_paths
